 Dungeon Crawl Stone Soup version 0.27-a0-1154-gfdeffcb720 (webtiles) character file.

Game seed: 17232896855186147118

70 experimilk the Chiller (level 4, -3/24 HPs)
             Began as a Gargoyle Ice Elementalist on May 15, 2021.
             Killed from afar by an orc wizard (5 damage)
             ... with a puff of flame
             ... on level 3 of the Dungeon.
             The game lasted 00:08:50 (2845 turns).

experimilk the Chiller (Gargoyle Ice Elementalist)  Turns: 2845, Time: 00:08:50

Health: -3/24      AC: 11    Str: 12    XL:     4   Next: 21%
Magic:  1/7        EV: 12    Int: 16    God:
Gold:   42         SH:  0    Dex: 10    Spells: 0/8 levels left

rFire    . . .     SeeInvis .   d - +0 short sword
rCold    . . .     Faith    .   (no shield)
rNeg     + . .     Spirit   .   a - +0 robe
rPois    ∞         Reflect  .   (no helmet)
rElec    +         Harm     .   (no cloak)
rCorr    .         Rampage  .   (no gloves)
Will     .....                  (no boots)
Stlth    ++........             (no amulet)
HPRegen  0.08/turn              (no ring)
MPRegen  0.10/turn              (no ring)

@: ice-armoured, very slightly contaminated
A: sickness immunity, AC +3, negative energy resistance 1, electricity
resistance, torment resistance 1, petrification resistance
a: no special abilities


You were on level 3 of the Dungeon.
You visited 1 branch of the dungeon, and saw 3 of its levels.

You collected 42 gold pieces.

Inventory:

Hand Weapons
 d - a +0 short sword (weapon)
 j - a +1 dagger of holy wrath
Armour
 a - a +0 robe (worn)
Jewellery
 f - a ring of see invisible
 g - a ring of resist corrosion
Scrolls
 c - a scroll of blinking {unknown}
 e - 2 scrolls of magic mapping {unknown}
 i - a scroll of enchant armour {unknown}
 k - a scroll of identify {unknown}
 m - a scroll of teleportation {unknown}
Potions
 b - a potion of lignification {unknown}
 h - a potion of heal wounds {unknown}
 l - a potion of curing {unknown}


   Skills:
 + Level 2.2 Dodging
 - Level 2.1 Stealth
 + Level 2.6 Spellcasting
 + Level 0.0 Conjurations
 * Level 4.9 Ice Magic


You couldn't memorise any spells.
You knew the following spells:

 Your Spells              Type           Power      Damage    Failure   Level
a - Freeze                Ice            68%        1d8       2%          1
b - Ozocubu's Armour      Ice            17%        N/A       8%          3
c - Hailstorm             Conj/Ice       10%        3d5       56%         4

Your spell library contained the following spells:

 Spells                   Type           Power      Damage    Failure   Level
 Frozen Ramparts          Ice            34%        1d5       8%          3
 Animate Skeleton         Necr           4%         N/A       21%         1
 Apportation              Tloc           4%         N/A       21%         1
 Corona                   Hex            2%         N/A       21%         1
 Summon Small Mammal      Summ           8%         N/A       21%         1
 Metabolic Englaciation   Hex/Ice        4%         N/A       89%         5


Dungeon Overview and Level Annotations

Branches:
Dungeon (3/15)

Altars:

Annotations:
D:2 1 runed translucent door, Crazy Yiuf
D:3 Grinder


Innate Abilities, Weirdness & Mutations

You are immune to sickness and miasma.
Your stone body is resilient. (AC +3)
You are immune to poison.
You resist negative energy. (rN+)
You are resistant to electric shocks. (rElec)
You are resistant to unholy torment.
You are immune to petrification.


Message History

An orc comes into view. It is wielding a +0 club.
You hear a shout!
The orc shouts!
The orc wizard gestures at you while chanting.
The puff of flame hits you!
You see here a +0 dagger.
Casting: Freeze (safe; 2% risk of failure)
Confirm with . or Enter, or press ? or * to list all spells.
The spell is quite dangerous to cast (8% risk of failure)!
Continue anyway?
You miscast Ozocubu's Armour.
You are very lightly contaminated with residual magic.
Nothing appears to happen.
The orc hits you with a +1 whip of flaming.
The orc burns you.
Casting: Ozocubu's Armour (quite dangerous; 8% risk of failure)
Confirm with . or Enter, or press ? or * to list all spells.
The spell is quite dangerous to cast (8% risk of failure)!
Continue anyway?
A film of ice covers your body!
Your icy armour will break if you move.
Continue?
Okay, then.
Your icy armour will break if you move.
Continue? [Y]es or [N]o only, please.
Your icy armour will break if you move.
Continue?
Okay, then.
You barely miss the orc. The orc closely misses you.
You closely miss the orc. The orc barely misses you.
An orc priest comes into view. It is wielding a +0 club.
The orc hits you but does no damage.
You hit the orc.
The orc is heavily wounded.
The orc misses you. The orc hits you but does no damage.
You hit the orc.
You kill the orc!
The orc wizard hits you but does no damage.
The orc priest mumbles some strange prayers to Beogh against you.
Beogh smites you!
* * * LOW HITPOINT WARNING * * *
The orc wizard casts a spell at you. The puff of flame hits you.
You die...

##.. ..# ... ...#
########## .!. o..
#......... ##.####..
#......... #......####
#........? #.........#
#.........
#.......o.####.........
#......o..#............
#......o@).........#
#.........#........#
#######...#........#
#...###.###### #####
#.# #.# #.#
########.###########
#<).................


You could see an orc priest, an orc wizard and an orc.

Vanquished Creatures
  3 adders (D:2)
  A worm (D:2)
  A dart slug (D:1)
  An orc (D:3)
  6 ball pythons
  5 bats
  3 endoplasms (D:2)
  A giant cockroach (D:2)
  4 goblins
  A hobgoblin (D:1)
  A quokka (D:1)
  4 frilled lizards (D:1)
  5 kobolds
  4 rats
40 creatures vanquished.

Notes
Turn   | Place    | Note
-------+----------+-------------------------------------------
     0 | D:1      | experimilk the Gargoyle Ice Elementalist began the quest
                  | for the Orb.
     0 | D:1      | Reached XP level 1. HP: 10/10 MP: 3/3
   276 | D:1      | Reached XP level 2. HP: 15/15 MP: 0/5
   407 | D:1      | Found a faded altar of an unknown god.
  1323 | D:2      | Reached XP level 3. HP: 12/19 MP: 6/6
  1538 | D:2      | Learned a level 3 spell: Ozocubu's Armour
  1561 | D:2      | Found a runed translucent door.
  1562 | D:2      | Noticed Crazy Yiuf
  2187 | D:2      | Reached XP level 4. HP: 24/24 MP: 4/7
  2220 | D:2      | Learned a level 4 spell: Hailstorm
  2697 | D:3      | Noticed Grinder
  2845 | D:3      | Killed from afar by an orc wizard

Illustrated notes

Levels and vault maps discovered:
D:1:      sevenhm_arrival_forest_fort_large_3, layout_basic,
          chequers_ecumenical_altar_grove, due_unseen_surprise
D:2:      layout_basic, item_on_display_a, uniq_crazy_yiuf_cottage
D:3:      layout_basic, overflow_temple_1_default, uniq_natasha, uniq_grinder,
          uniq_sigmund

Skill      XL: |  1  2  3 |
---------------+----------+-----
Dodging        | 2 |  2.2
Stealth        | |  2.1
Spellcasting   | |  2.6
Ice Magic      | |  4.9

Action                   |  1- 3 |  4- 6 || total
-------------------------+-------+-------++-------
Melee: Short sword       |     9 |     4 ||    13
 Cast: Freeze            |    49 |     9 ||    58
       Ozocubu's Armour  |       |     1 ||     1
  Use: Potion            |     1 |       ||     1
Armor: Robe              |    10 |     5 ||    15
Dodge: Dodged            |    23 |     7 ||    30

Table legend: (Time is in decaauts)
 A = Elapsed time spent in this place.
 B = Non-inter-level travel time spent in this place.
 C = Inter-level travel time spent in this place.
 D = Time resting spent in this place.
 E = Time spent auto-exploring this place.
 F = Levels seen in this place.
 G = Mean time per level.
                   A        B        C        D        E       F      G
               +--------+--------+--------+--------+--------+-----+--------+
         Total |   2846 |   2756 |     90 |    946 |   1310 |   3 |  948.7 |
       Dungeon |   2846 |   2756 |     90 |    946 |   1310 |   3 |  948.7 |
               +--------+--------+--------+--------+--------+-----+--------+

Top non-repeatable levels by time:
     D:2: 1593 daAuts
     D:1: 998 daAuts
     D:3: 254 daAuts
